[Event "Asian Amateur-ch Open 2022"]
[Site "Muscat"]
[Date "2022.10.04"]
[Round "8.6"]
[White "Al Amari, Mohammed"]
[Black "Bagheri, Majid"]
[Result "1/2-1/2"]
[ECO "C55"]
[WhiteElo "1646"]
[BlackElo "1870"]
[Annotator "NA RC COMBH"]
[PlyCount "128"]
[EventDate "2022.09.29"]
[EventType "swiss"]
[EventCountry "OMN"]
[SourceTitle "playchess.com"]
[Source "ChessBase"]
[SourceQuality "1"]
[TimeControl "5400+30"]

1. e4 e5 2. Nf3 Nc6 3. Bc4 Nf6 4. Qe2 Be7 5. c3 O-O 6. O-O d6 7. h3 Be6 8. Bxe6 fxe6 9. d4 exd4 10. cxd4 d5 11. e5 Ne4 12. Nc3 Ng5 13. Nxg5 Bxg5 14. Qg4 Rf5 15. f4 Be7 16. Be3 Nb4 17. Qd1 Qd7 18. a3 Na6 19. b4 Raf8 20. Qd3 Nb8 21. Rac1 c6 22. Ne2 R5f7 23. g4 g6 24. Ng3 Bh4 25. Kh2 Bxg3+ 26. Kxg3 Qe7 27. h4 Rg7 28. Kh3 Nd7 29. Rc2 Nb6 30. Rcf2 h5 31. Rg2 hxg4+ 32. Rxg4 Rf5 33. Rfg1 Kf7 34. Rg5 Rh7 35. Bf2 Rh6 36. Qg3 Rxg5 37. fxg5 Rh8 38. Qd3 Kg7 39. Rg3 Rf8 40. Rf3 Rxf3+ 41. Qxf3 Qf7 42. Qf6+ Kg8 43. Kg4 Nd7 44. Qxf7+ Kxf7 45. h5 Nb6 46. Be3 Na4 47. h6 b5 48. Kf3 Nc3 49. Bc1 a6 50. Ke3 Ne4 51. Kd3 Nf2+ 52. Kc3 Ne4+ 53. Kb3 Ng3 54. a4 Nf5 55. Bb2 Kg8 56. Kc2 Ng3 57. axb5 cxb5 58. Kd3 Nf5 59. Bc1 Ne7 60. Be3 Kh7 61. Bc1 Nc6 62. Bd2 Nb8 63. Bc1 Nd7 64. Bd2 Nb6 1/2-1/2

[Event "Asian Amateur-ch Open 2022"]
[Site "Muscat"]
[Date "2022.10.04"]
[Round "8.7"]
[White "Shreyas Seshadri Nallore"]
[Black "Khayat, Emad"]
[Result "1-0"]
[ECO "C45"]
[WhiteElo "1791"]
[BlackElo "1597"]
[Annotator "NA RC COMBH"]
[PlyCount "113"]
[EventDate "2022.09.29"]
[EventType "swiss"]
[EventCountry "OMN"]
[SourceTitle "playchess.com"]
[Source "ChessBase"]
[SourceQuality "1"]
[TimeControl "5400+30"]

1. e4 e5 2. Nf3 Nc6 3. d4 exd4 4. Nxd4 Qf6 5. Be3 Bc5 6. c3 d6 7. Be2 Qg6 8. O-O Nf6 9. f3 d5 10. Qd2 O-O 11. Nxc6 Bxe3+ 12. Qxe3 bxc6 13. e5 Re8 14. Nd2 Bf5 15. f4 Nd7 16. Nf3 Qh6 17. Rad1 f6 18. Nd4 Be4 19. e6 Nf8 20. e7 Ng6 21. Nxc6 Nxe7 22. Nxe7+ Rxe7 23. Qc5 Re6 24. Rxd5 Qg6 25. Rf2 f5 26. Rd7 Bc6 27. Rd1 Kh8 28. Bf3 Bxf3 29. Rxf3 h6 30. Qxc7 Re2 31. Rf2 Rxf2 32. Kxf2 Qg4 33. Rd8+ Rxd8 34. Qxd8+ Kh7 35. Qd2 g5 36. fxg5 hxg5 37. Qe3 Kg6 38. Qe6+ Kg7 39. Qd7+ Kg6 40. Qc6+ Kg7 41. Qb7+ Kg6 42. Qa6+ Kg7 43. Qxa7+ Kg6 44. Qb6+ Kf7 45. Qc7+ Kg6 46. Qc6+ Kg7 47. Qf3 Qh4+ 48. Qg3 Qh5 49. h4 g4 50. Qe5+ Kf7 51. Qc7+ Ke6 52. Qc8+ Ke5 53. Qb8+ Ke4 54. g3 Qh6 55. Qe8+ Kd5 56. Qd8+ Ke4 57. Qd4# 1-0

[Event "Asian Amateur-ch Open 2022"]
[Site "Muscat"]
[Date "2022.10.04"]
[Round "8.8"]
[White "Reyes, Danilo G."]
[Black "Sharma Pankaj"]
[Result "0-1"]
[ECO "A08"]
[WhiteElo "1584"]
[BlackElo "1764"]
[Annotator "NA RC COMBH"]
[PlyCount "82"]
[EventDate "2022.09.29"]
[EventType "swiss"]
[EventCountry "OMN"]
[SourceTitle "playchess.com"]
[Source "ChessBase"]
[SourceQuality "1"]
[TimeControl "5400+30"]

1. Nf3 Nf6 2. g3 g6 3. Bg2 Bg7 4. O-O O-O 5. d3 d5 6. Nbd2 c5 7. c4 d4 8. b4 cxb4 9. a3 Nc6 10. Nb3 bxa3 11. Rxa3 e5 12. Bd2 e4 13. Ng5 Qe7 14. c5 e3 15. fxe3 Ng4 16. e4 Bh6 17. Qc1 f6 18. Nf3 Ne3 19. Nbxd4 Nxd4 20. Nxd4 Nxf1 21. Bxh6 Rd8 22. Qc4+ Qf7 23. Qxf7+ Kxf7 24. Nf3 Nxg3 25. hxg3 g5 26. Nxg5+ fxg5 27. Bxg5 Rd4 28. Bf4 Rb4 29. Kf2 a5 30. Bd6 Rb2 31. Bf3 a4 32. e5 Be6 33. Bxb7 Rxb7 34. e4 Rb3 35. c6 Rxa3 36. Bxa3 Rc8 37. d4 Rxc6 38. d5 Rc2+ 39. Ke1 Bg4 40. e6+ Bxe6 41. dxe6+ Kxe6 0-1

[Event "Asian Amateur-ch Open 2022"]
[Site "Muscat"]
[Date "2022.10.04"]
[Round "8.9"]
[White "Ranjith, R.k."]
[Black "Hamdan Edrees, Alhamed"]
[Result "1-0"]
[ECO "D00"]
[WhiteElo "1706"]
[BlackElo "1467"]
[Annotator "NA RC COMBH"]
[PlyCount "89"]
[EventDate "2022.09.29"]
[EventType "swiss"]
[EventCountry "OMN"]
[SourceTitle "playchess.com"]
[Source "ChessBase"]
[SourceQuality "1"]
[TimeControl "5400+30"]

1. Nc3 c5 2. Nf3 d5 3. d4 Nc6 4. e4 dxe4 5. Nxe4 cxd4 6. Bc4 Bg4 7. Bxf7+ Kxf7 8. Nfg5+ Ke8 9. Qxg4 Nf6 10. Qe6 Qa5+ 11. Bd2 Qe5 12. Qf7+ Kd7 13. f3 h6 14. f4 Qf5 15. Nxf6+ gxf6 16. Nf3 Qe4+ 17. Kf2 Nd8 18. Qb3 Rc8 19. Rhe1 Qc6 20. Nxd4 Qc5 21. Be3 e5 22. Ne2 Qxc2 23. Qd5+ Bd6 24. Rac1 Qxb2 25. Rxc8 Kxc8 26. Qxd6 Nc6 27. Qxf6 Re8 28. Qf7 Re7 29. Qb3 Qxb3 30. axb3 Nb4 31. Rd1 Rf7 32. Kf3 Nc6 33. Rd6 exf4 34. Bxf4 Ne5+ 35. Ke4 Ng4 36. h3 Re7+ 37. Kf3 Ne5+ 38. Bxe5 Rxe5 39. Rxh6 Rb5 40. Nd4 Rd5 41. Ke4 Rg5 42. g4 Kd7 43. Rh7+ Kc8 44. Nf5 Kb8 45. Rg7 1-0

[Event "Asian Amateur-ch Open 2022"]
[Site "Muscat"]
[Date "2022.10.04"]
[Round "8.10"]
[White "Musallam Salim Al Aamri"]
[Black "Shelke Omkar"]
[Result "0-1"]
[ECO "B33"]
[WhiteElo "1680"]
[BlackElo "1460"]
[Annotator "NA RC COMBH"]
[PlyCount "88"]
[EventDate "2022.09.29"]
[EventType "swiss"]
[EventCountry "OMN"]
[SourceTitle "playchess.com"]
[Source "ChessBase"]
[SourceQuality "1"]
[TimeControl "5400+30"]

1. e4 c5 2. Nf3 Nc6 3. d4 cxd4 4. Nxd4 Nf6 5. Nc3 Qa5 6. Nb3 Qd8 7. g3 e6 8. Bg2 Be7 9. O-O d6 10. Re1 O-O 11. Be3 a6 12. Qe2 Qc7 13. a4 Ne5 14. a5 Nc4 15. Bc1 Bd7 16. Rd1 Rac8 17. Rd4 e5 18. Rd1 Be6 19. h3 Rfd8 20. Kh2 Bf8 21. Qf3 h6 22. Bf1 Kh7 23. Bxc4 Qxc4 24. Be3 d5 25. exd5 Nxd5 26. Bd2 f5 27. Re1 Qc7 28. Nxd5 Bxd5 29. Qxf5+ g6 30. Qg4 Bxb3 31. Bc3 Bxc2 32. Bxe5 Qd7 33. Qf3 Bg7 34. Bxg7 Qxg7 35. Re6 Rf8 36. Qe2 Bf5 37. Re3 Rc2 38. Qe1 Bd7 39. Re2 Rxe2 40. Qxe2 Qf7 41. f4 Bc6 42. Re1 Qd5 43. Qe7+ Rf7 44. Qe2 Rd7 0-1

[Event "Asian Amateur-ch Open 2022"]
[Site "Muscat"]
[Date "2022.10.04"]
[Round "8.11"]
[White "Vijay Chauhan"]
[Black "Muhammed, Zahid"]
[Result "1-0"]
[ECO "D02"]
[WhiteElo "1526"]
[BlackElo "1677"]
[Annotator "NA RC COMBH"]
[PlyCount "45"]
[EventDate "2022.09.29"]
[EventType "swiss"]
[EventCountry "OMN"]
[SourceTitle "playchess.com"]
[Source "ChessBase"]
[SourceQuality "1"]
[TimeControl "5400+30"]

1. d4 Nf6 2. Nf3 e6 3. Bf4 d5 4. e3 Bd6 5. Bg3 O-O 6. Bd3 c5 7. c3 Nc6 8. Nbd2 cxd4 9. exd4 Qc7 10. O-O Bxg3 11. hxg3 Re8 12. Re1 Bd7 13. Ne5 Rac8 14. g4 h6 15. f4 g5 16. Qf3 Nxe5 17. fxe5 Nh7 18. Bxh7+ Kxh7 19. Qxf7+ Kh8 20. Qg6 Qd8 21. Qxh6+ Kg8 22. Qg6+ Kh8 23. Re3 1-0

[Event "Asian Amateur-ch Open 2022"]
[Site "Muscat"]
[Date "2022.10.04"]
[Round "8.13"]
[White "Rafee, Mohd Hayel"]
[Black "Atharv Bansal"]
[Result "0-1"]
[ECO "B42"]
[WhiteElo "1941"]
[BlackElo "1164"]
[Annotator "TA"]
[PlyCount "66"]
[EventDate "2022.09.29"]
[EventType "swiss"]
[EventCountry "OMN"]
[SourceTitle "playchess.com"]
[Source "ChessBase"]
[SourceQuality "1"]
[TimeControl "5400+30"]

1. e4 c5 2. Nf3 e6 3. d4 cxd4 4. Nxd4 a6 5. Bd3 Qc7 6. O-O Nf6 7. c3 {[%emt 0:00:31] B42: Sicilian: Kan Variation: 5 Bd3.} b5 {[%emt 0:02:18] [#]} 8. a4 $146 ({Predecessor:} 8. Qe2 d6 9. a4 bxa4 10. Rxa4 Bb7 11. Nd2 Be7 12. N2b3 O-O 13. Na5 Bc8 14. Bd2 Nbd7 {1-0 (61) Amos,F (2171)-Forsaa,E (1770) Caleta 2012}) 8... bxa4 9. e5 ({White should try} 9. Bg5 $14) 9... Qxe5 $11 10. Nd2 Bb7 11. Nc4 {[%emt 0:02:55] Prevents a3.} Qc7 12. Re1 Nc6 13. Nf5 (13. Nxc6 $15 Bxc6 14. g3) 13... d5 $17 14. Qxa4 (14. Nd2 $17 {was worth a try.}) 14... dxc4 $19 15. Bxc4 Ng4 16. Bxe6 Qxh2+ ({Inferior is} 16... fxe6 17. Rxe6+ Kf7 18. Qxg4 $11) 17. Kf1 {[%emt 0:00:32] [#]} Qh1+ $1 ({Don't go for} 17... fxe6 $2 18. Rxe6+ Kd7 19. Qxg4 $17) 18. Ke2 Qxg2 19. Bxf7+ (19. Nxg7+ Bxg7 20. Qxg4 Qxg4+ 21. Bxg4) 19... Kxf7 20. Qc4+ Kf6 21. Be3 Nce5 22. Qc7 Qf3+ 23. Kd2 Qxf5 24. Bd4 Qd3+ 25. Kc1 Be4 {[%emt 0:00:00][%csl Ge4][%cal Rd3c2] [#]} 26. Qb6+ Kg5 27. f4+ Kxf4 28. Bxe5+ Nxe5 29. Qf2+ Nf3 {[%emt 0:00:00] ( -> ...Rd8)} 30. Re2 Rd8 {[%emt 0:00:00][%csl Gd8][%cal Rd3d1] Black mates.} 31. Qf1 Bc5 32. Rxe4+ Qxe4 33. b3 Qe3+ {[%emt 0:00:00] White did not feel at home in the position after the opening.  Weighted Error Value: White=1.50/Black=0.56} 0-1

[Event "Asian Amateur-ch Open 2022"]
[Site "Muscat"]
[Date "2022.10.04"]
[Round "8.14"]
[White "Takenouchi, Atsushi"]
[Black "Muhammad Shahzeb"]
[Result "1-0"]
[ECO "E18"]
[WhiteElo "1629"]
[BlackElo "1992"]
[Annotator "TA"]
[PlyCount "127"]
[EventDate "2022.09.29"]
[EventType "swiss"]
[EventCountry "OMN"]
[SourceTitle "playchess.com"]
[Source "ChessBase"]
[SourceQuality "1"]
[TimeControl "5400+30"]

1. Nf3 Nf6 2. c4 e6 3. g3 b6 4. Bg2 Bb7 5. O-O Be7 6. d4 d6 7. Nc3 Ne4 8. Bd2 O-O 9. Be1 {[%emt 0:00:21] E18: Queen's Indian: Old Main Line (4 g3 Bb7 5 Bg2 Be7 6 0-0 0-0 7 Nc3).} Nd7 10. Qc2 Nxc3 11. Bxc3 {[%emt 0:00:48][%cal Of3g5] next Ng5! is good for White. The position is equal.} Nf6 {[%emt 0:00:20] [#]} 12. d5 $146 ({Predecessor:} 12. b3 Be4 13. Qb2 Qc8 14. Bh3 c5 15. dxc5 bxc5 16. Nd2 Bc6 17. e4 Rd8 18. Rfe1 a5 19. Bg2 Ne8 20. Rad1 a4 21. Rb1 {½-½ (21) Schaefer,M (2198)-Guenther,T (2048) Bad Woerishofen 2017}) 12... exd5 13. Bxf6 Bxf6 (13... gxf6 14. Nd4 $16) 14. cxd5 Qd7 (14... Bxd5 $11 {feels stronger.} 15. Ng5 Bxg5 16. Bxd5 Rb8) 15. Rfd1 $14 Qb5 16. Rab1 (16. Qxc7 $6 Bxd5 17. Rd2 (17. Qxd6 Rad8 $17) 17... Qa5 $11) 16... c5 (16... Bxd5 $2 17. Ng5 $1 g6 18. Rxd5 $18) 17. dxc6 $1 Qxc6 18. Qxc6 (18. Ne1 {with more complications.} Qd7 19. Bxb7 Qxb7 20. Rxd6 Rac8 21. Qd2) 18... Bxc6 {[%emt 0:00:23] This bishop pair is nice.} 19. Nd4 Bxg2 20. Kxg2 Rfc8 {[%emt 0:01:43] Prevents Nc6.} 21. e3 Rc5 22. b4 Rc4 23. Nb5 Rc2 24. a3 (24. Rxd6 Rxa2 25. Rb3 Ra1 $14) 24... Ra2 25. Rb3 (25. Nxd6 Rxa3 26. b5 Kf8 $14) (25. Rxd6 $142 Rc8 26. Rf1 (26. Nxa7 Rcc2 $16)) 25... Be7 26. Rbd3 g6 27. R3d2 Rxd2 28. Rxd2 $16 {[%emt 0:00:02][%mdl 4096] Endgame KRB-KRN} a5 29. Nc7 {[%emt 0:00:55] White is more active.} (29. Nxd6 axb4 30. axb4 Rd8 $11) 29... Ra7 ({Better is} 29... Rc8 $14 30. Nd5 Bd8) 30. Nd5 axb4 31. axb4 Bd8 {[%emt 0:06:16] [#]} 32. Rc2 $1 {[%emt 0:00:17] Hoping for Rc8.} Kg7 33. Rc6 b5 (33... Rd7 $16 {was called for.} 34. e4 (34. Nxb6 Bxb6 35. Rxb6 Kf6 $16) 34... f5) 34. Rxd6 $18 Ra8 35. Nc3 $2 (35. h4 $18 {has better winning chances.}) 35... Be7 $16 36. Rb6 ({Inferior is} 36. Nxb5 Bxd6 37. Nxd6 Rd8 $17) 36... Bxb4 37. Nxb5 ({White should play} 37. Nd5 $16 Be1 38. Kf1 (38. Rxb5 Ra2 $16)) 37... Ra2 $1 $14 38. Kf1 {[%emt 0:00:42] Against Be1} Ra1+ $1 39. Ke2 g5 $2 (39... Ra2+ $11 40. Kf1 Ra1+ 41. Kg2 Ra2) 40. Nd4 $16 Ra2+ 41. Kf1 Bc5 42. Nf5+ Kg8 43. Rb8+ Bf8 44. g4 Ra4 45. h3 Rb4 $2 {[%emt 0:01:02] A mistake that costs the game.} (45... f6 $16 46. Rb7 Ra5) 46. Ne7+ $1 $18 Kg7 47. Rxb4 Bxe7 {[%emt 0:00:02] KR-KB} 48. Re4 Bd6 49. Kg2 Kg6 50. Ra4 {[%emt 0:00:00] White wants to mate with Ra6.} Bc7 51. Kf3 f6 52. Ke4 h5 53. Ra6 (53. gxh5+ $142 Kh6 54. Kf5 Be5 55. h4 gxh4 56. Rxh4 Bc3 57. Rh1 Kh7 58. Rg1) 53... Be5 54. f4 (54. gxh5+ $142 Kh6 55. Kf5 Kg7 56. Ra7+ Kh6 57. Rf7 Bb2 58. Rxf6+ Bxf6 59. Kxf6) 54... gxf4 55. exf4 {[%emt 0:00:00][%cal Be3f4,Bf4f5,Bf5f6][%mdl 32] White mates.} Bc3 56. g5 h4 57. gxf6 Bxf6 58. f5+ Kg5 59. Ra2 Bd8 60. Rg2+ Kh5 61. Ke5 Bc7+ 62. Ke6 Bg3 63. f6 Kg6 64. Kd5 $2 {[%emt 0:03:54] Weighted Error Value: White=0.15 (very precise) /Black=0.44} (64. f7 {mates} Kg7 65. Ke7 Kh7 66. Kf6 Be1 67. f8=Q Bc3+ 68. Kf5 Bh8 69. Qg8+ Kh6 70. Qxh8#) 1-0

[Event "Asian Amateur-ch Open 2022"]
[Site "Muscat"]
[Date "2022.10.04"]
[Round "8.15"]
[White "Khalili, Mehdi"]
[Black "Maasarani, Mahmoud"]
[Result "0-1"]
[ECO "A48"]
[WhiteElo "1575"]
[BlackElo "1991"]
[Annotator "TA"]
[PlyCount "154"]
[EventDate "2022.09.29"]
[EventType "swiss"]
[EventCountry "OMN"]
[SourceTitle "playchess.com"]
[Source "ChessBase"]
[SourceQuality "1"]
[TimeControl "5400+30"]

1. d4 Nf6 2. Nf3 g6 3. Bf4 Bg7 4. e3 O-O 5. Bd3 c5 6. c3 cxd4 7. exd4 d6 8. O-O Nc6 9. h3 Re8 {[%emt 0:01:30] A48: 1 d4 Nf6 2 Nf3 g6: Torre, London and Colle Systems.} 10. Bh2 a6 {[%emt 0:03:15] [#]} (10... e5 $142 11. dxe5 dxe5) 11. Na3 $146 ({Better is} 11. Re1 $11) ({Predecessor:} 11. Re1 b5 12. Nbd2 Qb6 13. Qb3 Bb7 14. a4 b4 15. Nc4 Qd8 16. cxb4 Nd7 17. d5 {1-0 (54) Pucelj,M (1927)-Lazarevic,D (1697) Ljubljana 2006}) 11... b5 {[%emt 0:03:44] Black is slightly better.} (11... e5 $5 12. Bc2 exd4 $11) 12. Nc2 Bb7 (12... e5 $15 13. Be2 Qb6) 13. Ne3 e5 14. dxe5 dxe5 {[%emt 0:00:01] Hoping for ...e4.} 15. Be2 e4 16. Nd4 Nxd4 17. cxd4 Nd5 18. a4 Qg5 19. Nxd5 (19. h4 $11 Qxh4 20. axb5 axb5 21. Qb3 Rxa1 22. Rxa1) 19... Qxd5 $17 (19... Bxd5 {looks sharper.} 20. axb5 axb5 21. Rxa8 Rxa8 22. Bg3 e3) 20. axb5 axb5 (20... e3 {keeps more tension.} 21. f3 axb5 22. Rxa8 Rxa8 23. Bf4 Bxd4 24. Qd3 Bb6) 21. Rxa8 Bxa8 22. Be5 Bxe5 23. dxe5 Qxe5 24. Qb3 Rb8 25. Rd1 Bc6 {[%emt 0:01:04] Against Rd7} 26. Rc1 Bd7 27. Qb4 e3 28. f4 Qe6 (28... Qf6 $1 $17 29. Kh2 Ra8) 29. Qd4 $11 {[%emt 0:01:13] Black must now prevent Bg4.} Rc8 30. Re1 (30. Rxc8+ $11 {remains equal.} Bxc8 31. Bxb5 (31. Qd8+ Kg7 $11)) 30... Rc2 ({Black should play} 30... h5 $17) 31. Bg4 $1 Qc6 {[%emt 0:00:01][%csl Gc2][%cal Rc6g2] Really sharp!} 32. Bf3 Qc7 $36 {[%emt 0:01:14][%mdl 2048] White is under pressure.} 33. Rxe3 (33. Qxe3 $11 Be6 34. Re2) 33... Be6 (33... Rc4 $1 $15 34. Qe5 (34. Rc3 Rxd4 35. Rxc7 Be6 $17) 34... Qxe5 35. fxe5 Rc5) 34. Rd3 h5 (34... Rc1+ $11 35. Kf2 Rc2+ 36. Ke3 Qe7 37. Qd8+ Qxd8 38. Rxd8+ Kg7) 35. Qd8+ $2 (35. Qf6 $1 $16 {keeps the pressure on.} Qa7+ 36. Kh2) 35... Qxd8 $19 36. Rxd8+ {[%emt 0:00:02][%mdl 4096] Endgame KRB-KRB} Kg7 37. b3 Rc3 38. Rb8 Rxb3 39. Bc6 (39. Kf2 $17 {keeps fighting.}) 39... b4 40. Bf3 {[%emt 0:00:23] [#]} Bxh3 $1 {[%emt 0:01:01][%mdl 512] ...Be6 is the strong threat.} 41. Rb7 (41. Bd5 $142 Rb1+ 42. Kf2 Rb2+ 43. Ke3 Bxg2 44. Bxg2 Rxg2 45. Rxb4) (41. Kf2 Rb2+) 41... Be6 42. f5 (42. Kf2 $142) 42... Bxf5 43. Bd5 Rb1+ 44. Kh2 Bc2 45. Bxf7 Kh6 46. Bd5 b3 47. Rb6 Rb2 48. Kg3 Kg5 49. Rb4 Rb1 50. Bf3 Re1 51. Rb5+ Kh6 52. Rb6 Rh1 53. Rb4 h4+ 54. Kf2 h3 $2 ({Black should try} 54... Kg5 $19 {Strongly threatening ...Rb1.} 55. Ke3 Rb1 56. Rg4+ Kf6 57. Rxh4 Re1+ 58. Kd2 b2) 55. gxh3 $11 Rxh3 {[%emt 0:00:04] And now ...Kg5 would win.} 56. Kg2 $1 Bf5 57. Rxb3 Rh4 58. Rb8 Kg5 59. Rb5 Ra4 60. Rb2 Kf4 61. Kf2 g5 62. Bg2 (62. Bc6 $11 {keeps the balance.} Rc4 63. Bf3) 62... g4 63. Bf1 (63. Bb7 $15) 63... Be4 $17 64. Rd2 {[%emt 0:00:35] [#]} (64. Kg1 $17 {was the only defense.}) 64... g3+ (64... Ra1 $1 $19 {[%cal Ra1c1] aiming for ...Rc1.} 65. Kg1 Rc1 66. Rf2+ Bf3) 65. Kg1 {[%emt 0:00:24] [#]} Ra1 $1 {[%emt 0:00:11] Threatens to win with ...Bf5.} 66. Rb2 $2 (66. Rd8 $17) 66... Bd3 $1 {[%emt 0:00:52] Black mates.} 67. Rb8 Rxf1+ {[%emt 0:00:11] KRB-KR} 68. Kg2 Rf2+ 69. Kg1 Ra2 70. Rf8+ Bf5 71. Rf7 Kg4 72. Re7 Kh3 73. Re1 Rb2 74. Rd1 Rb1 75. Rxb1 Bxb1 76. Kh1 g2+ 77. Kg1 Bc2 $2 {[%emt 0:00:09] Weighted Error Value: White=0.30/Black=0.30} (77... Bg6 {mates} 78. Kf2 Kh2 79. Ke2 g1=Q 80. Kd2 Qd4+ 81. Ke2 Bh5+ 82. Ke1 Qe3+ 83. Kf1 Qg1#) 0-1

[Event "Asian Amateur-ch Open 2022"]
[Site "Muscat"]
[Date "2022.10.04"]
[Round "8.16"]
[White "Abdivaliev, Daniial"]
[Black "Owlad, Ehsan"]
[Result "0-1"]
[ECO "C02"]
[WhiteElo "1528"]
[BlackElo "1962"]
[Annotator "TA"]
[PlyCount "128"]
[EventDate "2022.09.29"]
[EventType "swiss"]
[EventCountry "OMN"]
[SourceTitle "playchess.com"]
[Source "ChessBase"]
[SourceQuality "1"]
[TimeControl "5400+30"]

1. e4 e6 2. d4 d5 3. e5 c5 4. c3 Nc6 5. Nf3 Nge7 6. a3 Nf5 7. b4 cxd4 8. cxd4 Bd7 9. Be2 Qb6 10. Be3 a5 {[%emt 0:01:19] C02: French: Advance Variation.} 11. b5 Nce7 12. a4 (12. Bc1 $142) 12... Nxe3 $11 {[%emt 0:00:08] Black has an edge.} 13. fxe3 Nf5 14. Qd3 Bb4+ {[%emt 0:01:22] [#]} 15. Nfd2 $146 (15. Nc3 $1 $11 {remains equal.}) ({Predecessor:} 15. Nbd2 Rc8 16. O-O Rc3 17. Qb1 Rxe3 18. Rf2 Bc3 {0-1 (18) Wilson,V-Lindholm,J (1955) Finland 2016}) 15... O-O {[%emt 0:02:54] Black is more active.} 16. O-O Rac8 {[%emt 0:00:53] Inhibits Nc3.} 17. g4 (17. Bg4 $17) 17... Nh4 $19 18. Nf3 Qd8 19. Ra2 Nxf3+ 20. Bxf3 f6 21. exf6 Rxf6 ({Not} 21... gxf6 22. e4 $15) ({Weaker is} 21... Qxf6 22. Rc2 $17) 22. Rc2 Be8 23. Rxc8 Qxc8 24. Nd2 Bg6 25. e4 Bxd2 (25... b6 $19 {aiming for ...Qc7.} 26. Bg2 Qc7) 26. Qxd2 $15 dxe4 27. Rc1 (27. Be2 $15) 27... Qd8 $1 $17 28. Bg2 h6 (28... e5 $1 $17 29. d5 h6) 29. Rc5 (29. Qe3 $15) 29... e5 (29... b6 $17 30. Rc6 Be8) 30. Rxe5 $11 Rd6 31. Bxe4 Bf7 (31... Qc8 $11 32. h3 Qc4) 32. d5 $14 (32. Bxb7 $2 Rxd4 33. Qe3 Rxg4+ 34. Kh1 Rxa4 $19) 32... Qf6 33. Qd4 Rd7 34. Qc3 g6 35. Qc8+ ({But not} 35. Re8+ Kg7 36. Qxf6+ Kxf6 $11) ({White should try} 35. Kg2 $14) 35... Kg7 $11 36. Qxd7 Qxe5 {[%emt 0:00:02][%mdl 4096] Endgame KQB-KQB} 37. Bf3 Qa1+ 38. Kf2 Qxa4 39. Qxb7 Qd4+ 40. Kg2 a4 41. Qa8 Qb2+ 42. Kh3 (42. Kg3 $5 Qxb5 43. d6 $11) 42... Qxb5 {[%emt 0:01:53] And now ...g5 would win.} 43. d6 {[%emt 0:00:00] [#]} Qd3 (43... h5 $1 $17 {[%cal Rh5g4] White must now prevent ...hxg4+.} 44. gxh5 Qf1+ 45. Kg3 Qg1+ 46. Kf4 g5+ 47. Ke4 Qb1+ 48. Ke5 Qa1+ 49. Ke4 Qb1+ 50. Ke5 Qb2+ 51. Ke4 Qb4+ 52. Ke3 Qb6+ 53. Kd2 Qxd6+ 54. Ke1 Qb4+ 55. Kf2 Qd4+ 56. Kg2 g4) 44. Qe4 {[%emt 0:00:00][%mdl 8192] Black keeps a firm grip on the game.} (44. Kg2 $11) 44... Qxe4 $19 45. Bxe4 {[%emt 0:00:00] KB-KB} Kf6 46. Bb1 a3 47. Kg3 a2 48. Bxa2 Bxa2 {[%emt 0:00:11] KB-K3P} 49. Kf4 g5+ 50. Ke4 Be6 51. h3 Bc8 52. Kf3 Ke6 53. Kg3 Kf6 $2 ({Better is} 53... Kxd6 $19 54. Kf3 Ke5) 54. h4 $2 (54. Kf3 $11 Ke5 55. Kf2) 54... gxh4+ 55. Kxh4 {[%emt 0:00:32] [#] KB-KPP} Kg6 $1 {[%emt 0:00:12] Black mates.} 56. Kh3 Kg5 57. Kg3 Bxg4 {[%emt 0:00:25] KB-KP} 58. Kg2 h5 59. Kg3 h4+ 60. Kg2 Bd7 61. Kh2 Kg4 62. Kg2 h3+ 63. Kh2 Kh4 64. Kg1 Kg3 {[%emt 0:00:16] Weighted Error Value: White=0.51/Black=0.23 (precise)} 0-1

[Event "Asian Amateur-ch Open 2022"]
[Site "Muscat"]
[Date "2022.10.04"]
[Round "8.17"]
[White "Al Balushi, Said"]
[Black "Alharthi, Ahmed Mohammed A"]
[Result "0-1"]
[ECO "A45"]
[WhiteElo "1495"]
[BlackElo "1950"]
[Annotator "TA"]
[PlyCount "128"]
[EventDate "2022.09.29"]
[EventType "swiss"]
[EventCountry "OMN"]
[SourceTitle "playchess.com"]
[Source "ChessBase"]
[SourceQuality "1"]
[TimeControl "5400+30"]

1. d4 Nf6 2. Bf4 c5 3. d5 Qb6 4. Nc3 d6 5. Bd2 g6 (5... Qxb2 $2 6. Rb1 Qa3 7. Nb5 $18) 6. e4 {[%emt 0:00:54] A45: Trompowsky Attack.} Bg7 {[%emt 0:00:22] [#]} 7. Bb5+ $146 ({Predecessor:} 7. Be2 O-O 8. Nf3 e6 9. O-O exd5 10. exd5 h6 11. h3 Bf5 12. Nh4 Be4 13. Bf3 Bxf3 14. Nxf3 {1-0 (32) Sicars,T (1995)-Schmedders,H (2083) Nordrheinwestfalen 2011}) 7... Bd7 8. Bc4 {[%emt 0:00:40] The position is equal.} O-O 9. a4 Qc7 (9... Qxb2 $2 10. Rb1 Qa3 11. Rb3 $18 (11. Rxb7 Nxe4 12. Nxe4 Qxa4 $16)) (9... e6 $11 {should be considered.}) 10. f3 Na6 11. Nge2 Nb4 12. g4 e6 13. Nf4 ({White should try} 13. Bf4 $11) 13... exd5 $1 $15 14. Nfxd5 Nfxd5 15. Nxd5 Nxd5 16. Bxd5 Bc6 17. Bc3 (17. Bc1 $15) 17... Bxc3+ $17 18. bxc3 Qe7 (18... Qa5 $17 19. Ra3 c4) 19. O-O $11 Rad8 20. Qd2 Rfe8 21. c4 Qd7 22. Qf4 Bxd5 (22... Re5 {seems wilder.} 23. Qf6 Bxd5 24. cxd5 Qe7) 23. cxd5 Qe7 24. Rfb1 Rd7 25. Rb5 Qe5 (25... f5 {is interesting.} 26. gxf5 gxf5 27. Re1 fxe4 28. fxe4 Kh8) 26. Qxe5 Rxe5 {[%emt 0:00:07][%mdl 4096] Endgame KRR-KRR} 27. Rab1 b6 28. a5 f5 29. axb6 axb6 30. gxf5 gxf5 31. Re1 fxe4 32. fxe4 Rg7+ 33. Kf2 Rf7+ 34. Ke3 Rfe7 35. Kd3 Rxd5+ $1 36. exd5 Rxe1 37. Rxb6 {[%emt 0:00:14] KR-KR} Rd1+ 38. Ke4 Rd4+ 39. Kf5 Rxd5+ 40. Ke6 Rd2 41. Rb2 c4 {[%emt 0:01:37] White should prevent ...Kg7.} ({Don't play} 41... Rxh2 $6 42. Kxd6 c4 43. Kd5 $15) 42. h4 c3 43. Ra2 {[%emt 0:01:04] [#]} (43. Rb3 $1 $11) 43... d5 {[%emt 0:00:37] Black is more active.} ({Better is} 43... Kg7 $1 $17 {aiming for ...Kg6.} 44. Ra3 Rxc2 45. Kxd6 Rc1) 44. h5 Kg7 45. Ke5 Kh6 46. Ra3 $2 {[%emt 0:00:25][%mdl 8192] White does not recover from this.} (46. Ra7 $1 $11) 46... Rxc2 $19 47. Kxd5 (47. Kd4 $142 Kxh5 48. Ra7) 47... Rd2+ 48. Kc4 c2 49. Rc3 Kxh5 50. Kb3 Kg4 51. Kb2 Rf2 52. Rc4+ Rf4 53. Rc7 {[%emt 0:00:28] [#]} h5 $1 {[%emt 0:00:56] ( -> ...h4)} 54. Rg7+ Kf3 55. Kxc2 Rd4 56. Rf7+ Kg3 57. Rg7+ Kh3 (57... Rg4 $142 58. Rd7 h4 59. Rd3+ Kh2) 58. Rg5 h4 {[%emt 0:00:29] Black mates.} 59. Kc3 Rg4 60. Rh5 Kg2 61. Kd2 h3 62. Ke2 h2 63. Rf5 h1=Q 64. Rf2+ Kg3 {[%emt 0:00:17] Weighted Error Value: White=0.57/Black=0.21 (precise)} 0-1